Map: Oceanborn LE

Players

TerranYOUup - Winner!

  • Race: Terran Terran
  • League: Master
  • Spawn Location: 5:00

Dobro

  • Race: Protoss Protoss
  • League: Master
  • Spawn Location: 11:00

VOD

Have the link to the VOD?

Description

Time

  • Played on: Oct. 8, 2024, 1:14 p.m.
  • Length: 14:15
Show
View Real Time Build Order
Export as new Build Order

TerranYOUup Terran - Winner!

Build Orders: Cyclone Opening, Mech 

Get SALT Encoding   

  12  0:01  SCV  
  13  0:13  SCV  
  14  0:19  Supply Depot  
  14  0:25  SCV  
  15  0:32  Refinery  
  15  0:40  SCV  
  16  0:44  Barracks  
  16  0:58  SCV, Refinery  
  17  1:13  SCV  
  19  1:25  SCV  
  19  1:35  Factory  
  19  1:37  Orbital Command  
  19  1:40  Barracks Reactor  
  19  1:57  Supply Depot  
  19  2:03  SCV  
  20  2:15  SCV  
  21  2:27  SCV  
  22  2:30  Supply Depot  
  22  2:31  Cyclone x2  
  26  2:46  Starport  
  26  2:50  SCV  
  27  3:03  SCV, Cyclone x2  
  32  3:14  Supply Depot  
  32  3:22  Liberator  
  35  3:35  SCV, Cyclone  
  35  3:36  Cyclone  
  40  3:56  Command Center  
  40  4:05  Liberator  
  33  4:43  SCV  
  31  4:47  Cyclone x2  
  35  4:53  Command Center  
  35  4:55  SCV  
  36  5:01  Liberator  
  39  5:10  Orbital Command  
  39  5:19  Cyclone x2  
  43  5:25  SCV  
  44  5:30  Factory  
  44  5:31  Factory  
  44  5:37  SCV  
  45  5:44  Liberator, Refinery  
  45  5:47  Refinery  
  45  5:49  SCV  
  49  5:51  SCV  
  50  6:01  SCV  
  50  6:03  SCV  
  52  6:05  Cyclone  
  52  6:08  Orbital Command  
  54  6:13  SCV  
  54  6:15  SCV  
  50  6:25  SCV  
  50  6:27  SCV  
  47  6:37  SCV  
  47  6:39  SCV  
  45  6:41  SCV  
  41  6:49  SCV  
  41  6:52  SCV  
  41  6:53  SCV  
  40  6:58  Factory Tech Lab x2  
  40  7:02  SCV  
  40  7:04  Liberator, SCV  
  40  7:05  SCV  
  43  7:14  SCV  
  44  7:16  SCV  
  44  7:17  SCV, Cyclone x2  
  44  7:18  Siege Tank x2  
  56  7:26  SCV  
  56  7:28  SCV  
  56  7:29  SCV  
  59  7:39  SCV  
  59  7:40  SCV  
  59  7:41  SCV  
  62  7:49  Cyclone  
  62  7:50  Cyclone, Siege Tank x2  
  60  8:18  Orbital Command  
  54  8:22  Hellion x2, Siege Tank  
  57  8:34  SCV x2  
  59  8:46  SCV  
  59  8:54  Hellion x2, Refinery  
  59  8:55  Siege Tank  
  66  9:00  SCV x3  
  66  9:02  Command Center  
  69  9:12  SCV x3, Engineering Bay  
  69  9:15  Supply Depot  
  72  9:18  Supply Depot, Barracks  
  72  9:20  Supply Depot  
  72  9:27  SCV x3  
  75  9:39  Hellion, Siege Tank x2  
  75  9:40  Hellion  
  75  9:45  SCV x2  
  87  9:49  Missile Turret  
  87  9:56  SCV, Missile Turret  
  87  9:57  SCV  
  89  10:01  Hellion  
  91  10:11  Siege Tank x2  
  91  10:12  Factory  
  91  10:14  Factory  
  97  10:26  Factory  
  97  10:29  SCV  
  97  10:30  SCV  
  97  10:32  Missile Turret x2  
  99  10:39  SCV  
  99  10:41  SCV  
  99  10:42  SCV  
  101  10:48  Supply Depot  
  101  10:50  Supply Depot  
  101  10:52  Supply Depot x3  
  101  10:53  Supply Depot  
  101  11:05  Factory Tech Lab  
  101  11:06  Factory Tech Lab  
  101  11:07  Hellion x2  
  101  11:09  SCV x3, Factory  
  108  11:19  Missile Turret x2  
  108  11:21  SCV  
  109  11:25  Armory  
  109  11:26  Factory Reactor, Armory  
  109  11:34  Planetary Fortress  
  109  11:35  SCV x2  
  109  11:39  Refinery  
  111  11:41  SCV, Refinery  
  111  11:42  Sensor Tower x2  
  112  11:47  SCV x2  
  112  11:50  Infernal Pre-Igniter  
  112  11:51  Hurricane Engines  
  114  11:57  Liberator  
  114  11:59  Factory Reactor  
  117  12:02  Hellion x4  
  117  12:03  Hellion  
  117  12:04  Hellion  
  117  12:06  Hellion  
  131  12:22  Siege Tank  
  134  12:25  Hellion x3  
  134  12:26  Hellion  
  134  12:28  Hellion x2  
  146  12:36  Widow Mine x2  
  150  12:42  SCV x3  
  153  12:46  Widow Mine  
  155  12:51  Orbital Command  
  155  12:53  Supply Depot  
  155  12:55  Supply Depot x2  
  155  12:56  Supply Depot  
  155  12:57  Liberator  
  155  13:09  Missile Turret  
  155  13:15  Hellion x2, Widow Mine x2  
  155  13:16  Siege Tank x3  
  155  13:17  Hellion, Widow Mine, Siege Tank  
  179  13:22  SCV x2  
  179  13:23  SCV x2  
  183  13:29  Missile Turret  
  183  13:44  Command Center  
  183  13:47  Refinery  
  177  13:48  Refinery  
Show
View Real Time Build Order
Export as new Build Order

Dobro Protoss 

Build Orders: 1 Gate Expand 

Get SALT Encoding   

  12  0:00  Probe  
  13  0:12  Probe  
  14  0:18  Pylon  
  14  0:24  Probe (Chrono Boost)  
  15  0:37  Probe (Chrono Boost)  
  15  0:38  Gateway  
  16  0:46  Probe (Chrono Boost)  
  16  0:47  Assimilator  
  17  0:54  Probe  
  18  1:06  Probe  
  19  1:19  Probe  
  19  1:24  Cybernetics Core  
  20  1:32  Nexus  
  20  1:42  Probe  
  20  1:43  Pylon  
  21  1:54  Probe  
  22  1:55  Assimilator  
  22  2:00  Stalker (Chrono Boost)  
  22  2:06  Probe (Chrono Boost)  
  22  2:07  Warp Gate  
  25  2:19  Probe (Chrono Boost)  
  26  2:24  Adept  
  26  2:29  Probe (Chrono Boost)  
  29  2:38  Probe  
  29  2:43  Shield Battery  
  30  2:47  Robotics Facility, Probe  
  30  2:50  Probe  
  32  2:51  Shield Battery  
  32  2:59  Probe  
  32  3:01  Stalker  
  32  3:02  Probe  
  36  3:07  Shield Battery  
  36  3:15  Gateway  
  36  3:32  Immortal (Chrono Boost)  
  36  3:34  Pylon  
  36  3:39  Probe  
  36  3:40  Probe  
  42  3:42  Sentry  
  44  4:00  Warp Prism (Chrono Boost)  
  38  4:26  Stalker  
  38  4:27  Stalker  
  39  4:35  Probe x2  
  41  4:45  Immortal (Chrono Boost)  
  35  4:52  Probe  
  40  4:53  Stalker x2  
  40  4:54  Probe  
  40  4:59  Twilight Council  
  45  5:04  Probe  
  45  5:06  Pylon, Probe  
  47  5:16  Probe  
  47  5:17  Immortal  
  47  5:18  Probe  
  52  5:22  Assimilator  
  52  5:29  Adept  
  54  5:40  Stalker  
  54  5:41  Probe x2  
  58  6:03  Stalker x2  
  54  6:26  Stalker x2  
  54  6:31  Probe x2  
  47  6:53  Stalker x2, Probe x2 (Chrono Boost)  
  41  7:05  Probe x2 (Chrono Boost)  
  41  7:07  Warp Prism (Chrono Boost)  
  43  7:10  Probe (Chrono Boost)  
  46  7:19  Probe x2  
  48  7:26  Blink (Chrono Boost)  
  48  7:32  Probe x2 (Chrono Boost)  
  50  8:05  Stalker  
  42  8:06  Stalker  
  43  8:18  Probe x2  
  39  8:33  Probe x2  
  41  8:41  Immortal (Chrono Boost)  
  41  8:45  Probe (Chrono Boost)  
  45  8:50  Probe (Chrono Boost)  
  45  8:55  Probe (Chrono Boost)  
  46  8:59  Probe (Chrono Boost)  
  46  9:00  Probe (Chrono Boost)  
  46  9:01  Nexus  
  48  9:09  Probe (Chrono Boost)  
  49  9:11  Dark Shrine, Probe (Chrono Boost)  
  49  9:14  Pylon  
  50  9:19  Probe x2 (Chrono Boost)  
  50  9:24  Probe (Chrono Boost)  
  52  9:25  Probe  
  52  9:27  Observer  
  52  9:30  Assimilator, Charge (Chrono Boost)  
  55  9:35  Probe  
  55  9:38  Probe  
  57  9:48  Probe  
  57  9:50  Probe  
  57  9:51  Stalker  
  57  9:52  Stalker  
  63  9:53  Shield Battery  
  63  10:00  Probe  
  63  10:02  Gateway, Probe  
  65  10:07  Forge  
  65  10:11  Robotics Bay  
  65  10:12  Probe  
  66  10:28  Dark Templar x2  
  70  10:38  Pylon, Probe (Chrono Boost)  
  70  10:41  Probe (Chrono Boost)  
  68  10:45  Probe (Chrono Boost)  
  70  10:51  Probe (Chrono Boost)  
  70  10:52  Observer  
  70  10:54  Probe (Chrono Boost)  
  70  10:55  Probe (Chrono Boost)  
  70  10:56  Protoss Ground Weapons Level 1, Probe (Chrono Boost)  
  73  10:58  Nexus  
  73  11:00  Pylon  
  74  11:06  Probe x3  
  77  11:16  Robotics Facility  
  77  11:18  Probe  
  78  11:19  Probe x2  
  78  11:20  Templar Archives  
  78  11:21  Assimilator  
  78  11:22  Assimilator  
  80  11:29  Dark Templar  
  80  11:30  Probe  
  80  11:31  Dark Templar, Probe x2  
  87  11:35  Disruptor (Chrono Boost), Archon  
  91  11:42  Probe  
  91  11:43  Probe  
  91  11:44  Probe  
  94  11:52  Pylon  
  94  11:54  Stalker, Probe  
  94  11:56  Probe x2  
  99  12:06  Probe  
  99  12:08  Probe x2  
  101  12:09  Disruptor  
  101  12:10  Colossus  
  101  12:12  Probe  
  112  12:18  Probe  
  112  12:20  Probe x2  
  112  12:21  Gateway x2  
  115  12:30  Nexus  
  115  12:32  Pylon x2, Probe x2  
  115  12:34  Probe x2  
  119  12:37  Assimilator  
  119  12:39  Assimilator  
  119  12:40  High Templar x2  
  123  12:51  Photon Cannon  
  123  12:53  Gateway  
  121  13:03  Gateway  
  121  13:04  Probe x4  
  125  13:09  Immortal x2  
  125  13:12  High Templar x2  
  135  13:13  Zealot  
  135  13:16  Probe  
  135  13:18  Pylon  
  140  13:27  Pylon x2  
  140  13:33  Gateway  
  140  13:34  Gateway  
  140  13:35  Gateway, Pylon  
  140  13:36  Archon, Probe x3  
  140  13:37  Gateway  
  143  13:44  Zealot x4  
  151  13:52  Zealot x2  
  162  13:56  Archon  
  156  14:03  Zealot  
  156  14:08  Zealot x4  
Tags
 
Add a new tag
Caveats
  • Supply blocks, unpowered buildings, or Contaminate may cause inaccurate times.
  • Supply counts are checked every 10 seconds.